 Dungeon Crawl Stone Soup version 0.29-a0-824-gd827844252 (webtiles) character file.

Game seed: 9296052497332995480

3241 hquester1 the Trooper (level 9, -6/91 (92) HPs)
             Began as a Troll Fighter on July 9, 2022.
             Was an Elder of Okawaru.
             Mangled by a yak (16 damage)
             ... on level 8 of the Dungeon.
             The game lasted 00:21:22 (6732 turns).

hquester1 the Trooper (Troll Fighter)               Turns: 6732, Time: 00:21:22

HP:   -6/91 (92)    AC:  4    Str: 26    XL:     9   Next: 67%
MP:   8/8           EV: 10    Int:  4    God:    Okawaru [****..]
Gold: 702           SH:  9    Dex: 13    Spells: 8/8 levels left

rFire   . . .      SeeInvis .     - Unarmed
rCold   . . .      Faith    +   b - +0 kite shield
rNeg    . . .      Spirit   .   a - +0 robe
rPois   .          Reflect  .   (helmet restricted)
rElec   .          Harm     .   (no cloak)
rCorr   .          Rampage  .   (gloves unavailable)
Will    +....                   (boots unavailable)
Stlth   +.........              B - amulet of faith
HPRegen 1.05/turn               y - ring of willpower
MPRegen 0.11/turn               (no ring)

@: mighty, lightly drained
A: large, unfitting armour, claws 3, regeneration 1, shaggy fur 1, tough skin 1
a: Renounce Religion, Heroism, Finesse


You were on level 8 of the Dungeon.
You worshipped Okawaru.
Okawaru was greatly pleased with you.
You visited 2 branches of the dungeon, and saw 9 of its levels.
You also visited: Ossuary.

You collected 702 gold pieces.

Inventory:

Hand Weapons
 f - a +2 vorpal hand axe
 G - the +5 dagger of Undoing {pain, Str+4}
   (You found it on level 7 of the Dungeon)

   In the hands of one skilled in necromantic magic, it inflicts extra damage on
   living creatures.
   Str:       It affects your strength (+4).
 L - a +0 morningstar
Missiles
 D - 3 large rocks (quivered)
Armour
 a - a +0 robe (worn)
 b - a +0 kite shield (worn)
Jewellery
 x - a ring of protection from fire
 y - a ring of willpower (left claw)
 B - an amulet of faith (around neck)
 E - a ring of flight
Wands
 h - a wand of flame (19)
 m - a wand of mindburst (33)
 K - a wand of roots (7)
Scrolls
 d - a scroll of blinking
 o - 2 scrolls of magic mapping
 p - a scroll of immolation {unknown}
 r - 4 scrolls of teleportation
 s - a scroll of fear {unknown}
 u - 6 scrolls of noise
 v - 2 scrolls of summoning {unknown}
 z - a scroll of poison {unknown}
 A - a scroll of fog {unknown}
 F - a scroll of identify
 J - a scroll of enchant armour {unknown}
 M - a scroll of enchant weapon {unknown}
Potions
 c - a potion of might
 e - a potion of mutation
 g - 2 potions of brilliance
 i - 6 potions of attraction
 k - 2 potions of degeneration {unknown}
 l - 4 potions of resistance
 n - 3 potions of curing {unknown}
 q - 2 potions of cancellation {unknown}
 t - a potion of berserk rage {unknown}
 w - 2 potions of magic {unknown}
 C - 2 potions of haste
 H - 2 potions of lignification {unknown}
 I - a potion of flight {unknown}


   Skills:
 * Level 6.6 Fighting
 + Level 0.2 Maces & Flails
 + Level 4.5 Throwing
 + Level 4.0 Armour
 + Level 4.9 Dodging
 + Level 5.4 Shields
 + Level 5.5 Unarmed Combat


You had 8 spell levels left.
You didn't know any spells.
Your spell library contained the following spells:

 Spells                   Type           Power      Damage    Failure   Level
 Slow                     Hex            0%         N/A       77%         1
 Confusing Touch          Hex            0%         N/A       98%         3
 Dazzling Flash           Conj/Hex       0%         N/A       98%         3
 Lesser Beckoning         Tloc           0%         N/A       98%         3
 Vampiric Draining        Necr           0%         2d6       98%         3
 Passage of Golubria      Tloc           0%         N/A       100%        4
 Agony                    Necr           0%         N/A       100%        5
 Blade Hands              Tmut           0%         N/A       100%        5
 Silence                  Hex/Air        0%         N/A       100%        5
 Yara's Violent Unravell  Hex/Tmut       0%         3d3       100%        5
 Iron Shot                Conj/Erth      0%         9d1       100%        6
 Summon Guardian Golem    Hex/Summ       Unusable   N/A       N/A         3
 Tukima's Dance           Hex            Unusable   N/A       N/A         3
 Animate Armour           Summ/Erth      Unusable   N/A       N/A         4
 Malign Gateway           Summ/Tloc      Unusable   N/A       N/A         7

Dungeon Overview and Level Annotations

Branches:
Dungeon (8/15)             Temple (1/1) D:5         Ossuary (visited)
   Lair: D:8-11

Altars:
Ashenzari
Cheibriados
Dithmenos
Elyvilon
Fedhas
Gozag
Hepliaklqana
Kikubaaqudgha
Makhleb
Nemelex Xobeh
Okawaru
Qazlal
Ru
Sif Muna
Trog
Uskayaw
Vehumet
Wu Jian
Xom
Yredelemnul
The Shining One

Shops:
D:2 :

Portals:
Abyss: D:6


Innate Abilities, Weirdness & Mutations

You are too large for most types of armour.
You have claws for hands.
Your natural rate of healing is unusually fast.
You are covered in fur. (AC +1)
You have tough skin. (AC +1)


Message History

The yak is lightly wounded.
The yak completely misses you.
You scratch the yak.
The yak is moderately wounded.
The yak gores you! The yak barely misses you. You block the yak's attack.
The yak attacks as you move away! The yak gores you! x2
The yak attacks as you move away! The yak gores you!
You scratch the yak but do no damage. You block the yak's attack.
You barely miss the yak. The yak gores you!
You barely miss the yak. The yak gores you!
* * * LOW HITPOINT WARNING * * *
You feel much better. The yak gores you!
* * * LOW HITPOINT WARNING * * *
You feel much better. The yak gores you!
You feel very mighty all of a sudden. The yak gores you!
* * * LOW HITPOINT WARNING * * *
You claw the yak!
The yak is moderately wounded.
The yak gores you!
* * * LOW HITPOINT WARNING * * *
You scratch the yak.
The yak is moderately wounded.
The yak closely misses you.
You mangle the yak!!
The yak is almost dead.
The yak gores you.
* * * LOW HITPOINT WARNING * * *
You barely miss the yak.
The yak is almost dead.
The yak gores you!
* * * LOW HITPOINT WARNING * * *
You scratch the yak.
The yak is almost dead.
The yak gores you but does no damage.
The yak snorts and paws the ground.
You scratch the yak but do no damage.
The yak is almost dead.
The yak gores you!
You die...

#.#...#.####..<##
#.##.##.# #...#
#.##.##.# #.###
####.......# #+#
#.........##
#.###$..#.#
#.........#
####...####
#...YYY@+
##...#### ##.##
#.# #.# #.# #.#
#.#


You could see 3 yaks.

Vanquished Creatures
  The ghost of Shayle the Covert, a novice NaBr (D:6)
  An ancient zyme (D:6)
  3 small abominations (D:6)
  A water moccasin (D:6)
  2 ice beasts
  A sky beast (D:7)
  2 black bears (D:5)
  A centaur (D:7)
  A phantom (D:6)
  A kobold brigand (D:6)
  3 bullfrogs (D:7)
  A necrophage (D:5)
  2 scorpions
  10 wights
  A jelly (D:4)
  An orc priest (D:5)
  3 hounds
  2 iguanas (D:5)
  4 orc wizards (D:5)
  8 mummies (Ossuary)
  2 adders
  7 gnolls
  A white imp (D:5)
  A worm (D:2)
  2 dart slugs
  6 orcs
  5 bats
  7 endoplasms
  6 giant cockroaches
  3 gnoll zombies (Ossuary)
  6 goblins
  3 hobgoblins
  5 jackals (D:1)
  6 quokkas
  8 ball pythons
  4 frilled lizards
  2 hobgoblin zombies (Ossuary)
  4 kobolds
  A kobold zombie (Ossuary)
  2 orc zombies (Ossuary)
  6 rats
136 creatures vanquished.

Vanquished Creatures (others)
  An orc wizard (D:5)
1 creature vanquished.

Grand Total: 137 creatures vanquished

Notes
Turn   | Place    | Note
-------+----------+-------------------------------------------
     0 | D:1      | hquester1 the Troll Fighter began the quest for the Orb.
     0 | D:1      | Reached XP level 1. HP: 22/22 MP: 0/0
    67 | D:1      | Reached XP level 2. HP: 29/29 MP: 1/1
   262 | D:1      | Reached XP level 3. HP: 36/36 MP: 2/2
   284 | D:1      | Found a faded altar of an unknown god.
   600 | D:1      | Reached skill level 3 in Fighting
  1109 | D:2      | Found Gococ's Book Boutique.
  1322 | D:2      | Found a broken altar of Ashenzari.
  1521 | D:3      | Found a hide-covered altar of Uskayaw.
  1571 | D:3      | Found a sacrificial altar of Ru.
  1745 | D:3      | Reached XP level 4. HP: 39/45 MP: 3/3
  1953 | D:3      | Found a stormy altar of Qazlal.
  2083 | D:3      | Reached skill level 1 in Armour
  2198 | D:3      | Reached skill level 1 in Throwing
  2386 | D:4      | Reached XP level 5. HP: 53/53 MP: 4/4
  2930 | D:5      | Entered Level 5 of the Dungeon
  2930 | D:5      | Found a staircase to the Ecumenical Temple.
  2938 | Temple   | Entered the Ecumenical Temple
  3241 | Temple   | Became a worshipper of Warmaster Okawaru
  3343 | D:5      | Reached XP level 6. HP: 39/62 MP: 5/5
  3470 | D:5      | Noticed an ice beast
  3479 | D:5      | Killed an ice beast
  3480 | D:5      | Reached skill level 4 in Fighting
  3521 | D:5      | Reached * piety under Okawaru
  3626 | D:5      | Reached XP level 7. HP: 71/71 MP: 6/6
  3993 | D:5      | Reached ** piety under Okawaru
  4270 | D:6      | Reached XP level 8. HP: 64/79 MP: 7/7
  4334 | D:6      | Reached skill level 5 in Fighting
  4395 | D:6      | Found a basalt altar of Yredelemnul.
  4499 | D:6      | Found a transporter.
  4549 | D:6      | Noticed an ancient zyme
  4860 | D:6      | Found a transporter.
  5011 | D:6      | Found a one-way gate to the infinite horrors of the Abyss.
  5018 | D:6      | Noticed Shayle's ghost (novice NaBr)
  5040 | D:6      | Killed Shayle's ghost
  5049 | D:6      | Reached *** piety under Okawaru
  5050 | D:6      | Reached XP level 9. HP: 26/89 MP: 8/8
  5053 | D:6      | HP: 4/89 [kobold brigand/+1 whip of distortion (13)]
  5058 | D:6      | Received a gift from Okawaru
  5140 | D:6      | Reached skill level 6 in Fighting
  5174 | D:6      | Killed an ancient zyme
  5175 | D:6      | Reached skill level 5 in Shields
  5175 | D:6      | Reached skill level 5 in Unarmed Combat
  5349 | D:7      | Got Vetuog's Vellum of Discontinuous Interference
  5355 | D:7      | Identified the +5 dagger of Undoing {pain, Str+4}
  5360 | D:7      | Found a sand-covered staircase.
  5366 | Ossuary  | Entered an ossuary
  6688 | D:8      | Reached **** piety under Okawaru
  6732 | D:8      | Mangled by a yak

Illustrated notes

Levels and vault maps discovered:
D:1:      saegor_arrival_simple_c, layout_loops_ring,
          ebering_ecumenical_altar_hall, kennysheep_minor_cross, minmay_3d_cube
D:2:      layout_loops_ring, basic_altar, serial_shops, shop_statue,
          eino_tiny_chamber, minmay_misc_feat_iff, kennysheep_another_room
D:3:      layout_loops_corners, old_standard_altar,
          mainiacjoe_overflow_cross_hatched, lemuel_round_altar
D:4:      layout_loops_ring, minmay_misc_feat_ornament
D:5:      layout_loops_cross, minmay_temple_entry_stoned_glass
D:6:      layout_loops_ring, mainiacjoe_overflow_paths,
          gammafunk_ghost_abyssal_escape
D:7:      layout_layer_cave, nicolae_ossuary_entry_plus, due_unseen_surprise
D:8:      hangedman_cross_stitches, layout_loops_corners
Temple:   minmay_temple_bridge_d

Skill      XL: |  1  2  3  4  5  6  7  8  9 |
---------------+----------------------------+-----
Fighting       | 3 4 5 6 |  6.6
Shields        | 3 4 5 |  5.4
Armour         | 1 2 3 4 |  4.0
Throwing       | 1 2 3 4 |  4.5
Dodging        | 3 4 |  4.9
Unarmed Combat | 3 4 5 |  5.5
Maces & Flails | |  0.2

Action                   |  1- 3 |  4- 6 |  7- 9 || total
-------------------------+-------+-------+-------++-------
Melee: Unarmed           |   137 |   124 |   270 ||   531
Throw: Stone             |       |       |     2 ||     2
       Large rock        |       |       |     1 ||     1
  Use: Scroll            |       |       |     8 ||     8
       Potion            |       |       |     7 ||     7
 Stab: Sleeping          |     1 |     2 |       ||     3
Armor: Robe              |    37 |    17 |    36 ||    90
Dodge: Dodged            |    40 |    35 |   100 ||   175
Block: Kite shield       |    50 |    35 |   105 ||   190

Table legend: (Time is in decaauts)
 A = Elapsed time spent in this place.
 B = Non-inter-level travel time spent in this place.
 C = Inter-level travel time spent in this place.
 D = Time resting spent in this place.
 E = Time spent auto-exploring this place.
 F = Levels seen in this place.
 G = Mean time per level.
                   A        B        C        D        E       F      G
               +--------+--------+--------+--------+--------+-----+--------+
         Total |   6764 |   6425 |    339 |    384 |   4607 |  10 |  676.4 |
       Dungeon |   6169 |   5979 |    190 |    384 |   4260 |   8 |  771.1 |
        Temple |    376 |    227 |    149 |      0 |    213 |   1 |  376.0 |
       Ossuary |    217 |    217 |      0 |      0 |    134 |   1 |  217.0 |
               +--------+--------+--------+--------+--------+-----+--------+

Top non-repeatable levels by time:
     D:7: 1167 daAuts
     D:6: 1039 daAuts
     D:5: 952 daAuts
     D:3: 846 daAuts
     D:1: 805 daAuts
     D:2: 723 daAuts
     D:4: 571 daAuts
  Temple: 376 daAuts
 Ossuary: 217 daAuts
     D:8: 65 daAuts
